Map: Arctic Dream LE

Players

street - Winner!

  • Race: Zerg Zerg
  • Spawn Location: 5:00

Tom - Winner!

  • Race: Protoss Protoss
  • Spawn Location: 6:00

Massa

  • Race: Terran Terran
  • League: Platinum
  • Spawn Location: 12:00

qqq

  • Race: Zerg Zerg
  • League: Platinum
  • Spawn Location: 11:00

VOD

Have the link to the VOD?

Description

Time

  • Played on: Dec. 4, 2020, 2:47 p.m.
  • Length: 17:01
Show
View Real Time Build Order
Export as new Build Order

street Zerg - Winner!

Build Orders: Hatch First 

Get SALT Encoding   

  12  0:00  Drone  
  13  0:13  Overlord  
  13  0:19  Drone  
  14  0:32  Drone x2  
  16  0:37  Drone  
  17  0:52  Hatchery  
  17  0:56  Drone  
  17  0:59  Drone  
  18  1:10  Extractor  
  17  1:15  Spawning Pool  
  17  1:17  Drone  
  17  1:21  Drone  
  18  1:30  Drone  
  19  1:43  Overlord  
  19  1:53  Drone  
  20  2:03  Queen  
  20  2:04  Zergling x2  
  20  2:05  Queen  
  20  2:06  Zergling x2  
  26  2:14  Drone  
  26  2:15  Metabolic Boost  
  27  2:28  Overlord  
  27  2:29  Drone  
  29  2:30  Drone  
  29  2:41  Queen, Baneling Nest  
  29  2:42  Drone  
  31  2:50  Queen  
  33  3:00  Drone x2  
  33  3:01  Drone  
  36  3:25  Hatchery, Drone  
  36  3:26  Drone x2  
  38  3:28  Overlord  
  38  3:37  Baneling x2  
  38  3:39  Zergling x6  
  41  3:43  Overlord  
  41  3:49  Drone  
  41  3:51  Lair  
  42  3:57  Queen  
  44  4:04  Overlord  
  44  4:06  Drone  
  44  4:07  Drone  
  46  4:18  Drone, Roach Warren  
  46  4:20  Drone x3  
  49  4:30  Drone x3, Spore Crawler  
  51  4:36  Spore Crawler  
  51  4:38  Spore Crawler  
  49  4:45  Drone  
  50  4:52  Drone x4  
  54  4:53  Spore Crawler  
  54  4:55  Spore Crawler  
  54  4:56  Extractor  
  54  4:59  Drone x2, Spore Crawler  
  52  5:02  Pneumatized Carapace  
  52  5:10  Queen  
  54  5:15  Roach x2  
  58  5:24  Glial Reconstitution  
  58  5:29  Drone x2  
  58  5:30  Drone x5  
  58  5:32  Extractor  
  58  5:34  Extractor  
  63  5:38  Roach  
  63  5:39  Overlord  
  65  5:51  Drone  
  65  5:52  Overlord x3  
  66  6:01  Evolution Chamber  
  66  6:02  Evolution Chamber  
  64  6:08  Ravager x3  
  64  6:09  Overseer  
  64  6:10  Overseer  
  60  6:41  Drone x5  
  60  6:42  Drone x3, Queen x2  
  72  6:47  Drone x4  
  72  6:48  Drone x2  
  72  6:49  Queen  
  72  6:52  Drone x3  
  83  7:01  Zerg Missile Weapons Level 1  
  83  7:02  Zerg Ground Armor Level 1  
  83  7:27  Overlord x4  
  83  7:31  Overseer  
  83  7:36  Hydralisk Den  
  82  7:42  Roach x2  
  82  7:43  Roach x2  
  90  7:48  Hatchery  
  89  7:55  Infestation Pit  
  88  7:59  Drone x6  
  88  8:00  Drone  
  88  8:03  Extractor  
  88  8:04  Extractor  
  93  8:33  Hive  
  93  8:36  Grooved Spines  
  93  8:37  Hydralisk x4  
  93  8:38  Hydralisk x5  
  111  8:56  Overlord  
  111  8:57  Overlord x4  
  111  8:58  Overseer x2  
  111  9:03  Hydralisk x3  
  117  9:13  Drone x2  
  117  9:14  Overlord x2  
  117  9:16  Zerg Missile Weapons Level 2  
  119  9:17  Zerg Ground Armor Level 2  
  119  9:23  Drone  
  122  9:24  Drone x6  
  126  9:42  Hydralisk x3  
  126  9:43  Hydralisk x5  
  142  9:48  Muscular Augments  
  142  9:51  Viper  
  145  10:04  Viper  
  148  10:07  Roach x2  
  148  10:08  Roach x2  
  148  10:12  Hatchery  
  155  10:26  Extractor  
  155  10:27  Drone x3, Extractor  
  155  10:28  Drone x3  
  158  10:29  Drone x3  
  158  10:30  Drone  
  158  10:33  Spine Crawler  
  158  10:35  Spine Crawler, Spore Crawler  
  161  10:42  Viper x2  
  160  10:44  Hydralisk x2  
  160  10:45  Hydralisk x2  
  174  10:56  Drone x2, Overlord x2  
  174  10:57  Overlord x2  
  176  11:02  Ultralisk Cavern  
  175  11:05  Drone x3  
  175  11:07  Spine Crawler  
  177  11:32  Hydralisk x2  
  177  11:33  Hydralisk x5  
  177  11:36  Pathogen Glands  
  191  11:56  Zerg Melee Weapons Level 1  
  191  11:57  Zerg Missile Weapons Level 3  
  191  12:00  Chitinous Plating  
  191  12:18  Ultralisk  
  197  12:32  Neural Parasite  
  162  12:52  Ultralisk x5  
  180  13:00  Roach  
  180  13:01  Roach x9  
  194  13:19  Anabolic Synthesis  
  194  13:40  Overlord x3  
  194  13:41  Overlord x3  
  194  13:53  Overlord x3  
  194  13:58  Queen  
  196  14:16  Hatchery  
  195  14:17  Viper  
  197  14:25  Overseer x3  
  197  14:27  Overlord x2  
  197  15:04  Extractor  
  184  15:12  Hydralisk x5  
  184  15:13  Hydralisk x7  
  184  15:14  Hydralisk x5  
  186  15:24  Overlord x2  
  186  15:25  Overseer, Overlord  
  186  15:26  Overseer x2  
  176  15:39  Roach x2  
  176  15:40  Roach x10  
  184  16:09  Hydralisk x2  
  184  16:10  Hydralisk x6  
  184  16:11  Hydralisk  
Show
View Real Time Build Order
Export as new Build Order

Tom Protoss - Winner!

Build Orders:  

Get SALT Encoding   

  12  0:00  Probe  
  13  0:12  Probe  
  14  0:17  Pylon  
  14  0:24  Probe  
  15  0:37  Gateway  
  15  0:44  Assimilator  
  15  0:45  Probe (Chrono Boost)  
  16  0:55  Probe (Chrono Boost)  
  17  0:57  Pylon  
  17  1:09  Probe  
  18  1:14  Assimilator  
  18  1:21  Probe  
  19  1:26  Pylon  
  19  1:33  Probe  
  19  1:35  Cybernetics Core  
  20  1:45  Probe  
  21  1:59  Zealot  
  23  2:03  Probe  
  24  2:10  Pylon  
  24  2:20  Stargate  
  24  2:24  Probe  
  25  2:36  Adept  
  27  2:38  Warp Gate  
  27  2:49  Nexus  
  27  2:56  Probe  
  28  3:00  Void Ray  
  28  3:08  Probe (Chrono Boost)  
  33  3:18  Probe (Chrono Boost)  
  34  3:21  Forge  
  34  3:23  Probe (Chrono Boost)  
  35  3:35  Probe  
  35  3:36  Pylon  
  36  3:47  Probe  
  37  3:48  Void Ray  
  41  4:00  Photon Cannon  
  41  4:04  Probe  
  41  4:05  Probe  
  43  4:16  Probe  
  43  4:17  Photon Cannon  
  44  4:31  Phoenix  
  46  4:39  Stalker  
  46  4:45  Photon Cannon  
  44  4:50  Stargate  
  44  4:58  Probe x2, Assimilator  
  44  4:59  Assimilator  
  46  5:02  Protoss Air Weapons Level 1 (Chrono Boost)  
  46  5:10  Phoenix (Chrono Boost)  
  48  5:17  Probe (Chrono Boost)  
  50  5:22  Probe (Chrono Boost)  
  50  5:27  Probe (Chrono Boost)  
  51  5:31  Probe (Chrono Boost)  
  51  5:32  Probe (Chrono Boost)  
  53  5:40  Protoss Shields Level 1 (Chrono Boost)  
  53  5:50  Probe, Gateway  
  53  5:51  Probe  
  53  5:52  Gateway  
  55  6:00  Phoenix  
  55  6:01  Phoenix  
  55  6:03  Probe x2  
  61  6:15  Probe  
  61  6:18  Robotics Facility  
  62  6:20  Photon Cannon  
  62  6:21  Pylon  
  62  6:40  Phoenix x2  
  62  6:42  Nexus  
  66  6:59  Void Ray, Pylon  
  64  7:02  Pylon  
  68  7:11  Void Ray  
  68  7:16  Pylon  
  68  7:19  Pylon  
  68  7:22  Photon Cannon  
  72  7:26  Photon Cannon  
  72  7:31  Probe (Chrono Boost)  
  72  7:34  Protoss Ground Weapons Level 1 (Chrono Boost)  
  74  7:37  Probe (Chrono Boost)  
  74  7:41  Probe (Chrono Boost)  
  74  7:43  Protoss Air Armor Level 1  
  75  7:46  Probe (Chrono Boost)  
  76  7:53  Void Ray x2  
  84  8:08  Probe (Chrono Boost)  
  86  8:13  Fleet Beacon  
  86  8:14  Observer (Chrono Boost), Probe (Chrono Boost)  
  86  8:18  Probe (Chrono Boost)  
  88  8:20  Assimilator  
  88  8:23  Probe (Chrono Boost), Assimilator  
  89  8:27  Observer (Chrono Boost)  
  89  8:33  Void Ray x2 (Chrono Boost)  
  90  8:34  Probe  
  90  8:40  Nexus  
  91  8:46  Probe, Observer  
  101  9:06  Void Ray x2  
  105  9:24  Flux Vanes  
  105  9:25  Observer  
  105  9:31  Pylon  
  106  9:33  Pylon  
  106  9:42  Zealot x3  
  112  9:47  Observer  
  112  9:50  Twilight Council  
  113  9:54  Photon Cannon  
  113  9:56  Probe (Chrono Boost), Photon Cannon  
  113  9:58  Photon Cannon  
  113  9:59  Photon Cannon  
  114  10:01  Photon Cannon  
  114  10:03  Photon Cannon  
  114  10:06  Probe (Chrono Boost), Photon Cannon  
  115  10:10  Probe (Chrono Boost)  
  115  10:13  Void Ray x2  
  116  10:19  Protoss Shields Level 2 (Chrono Boost)  
  116  10:21  Anion Pulse-Crystals (Chrono Boost)  
  124  10:22  Probe  
  124  10:25  Charge (Chrono Boost), Zealot x3  
  131  10:34  Probe  
  132  10:42  Assimilator x2  
  132  10:50  Probe (Chrono Boost)  
  133  10:58  Void Ray  
  133  11:00  Probe (Chrono Boost)  
  133  11:02  Robotics Bay  
  138  11:05  Probe (Chrono Boost)  
  139  11:12  Phoenix  
  139  11:14  Zealot x3  
  139  11:16  Probe  
  148  11:27  Pylon  
  148  11:28  Pylon  
  148  11:31  Pylon  
  148  11:34  Pylon  
  148  11:45  Probe  
  149  11:55  Zealot x3  
  149  11:58  Probe  
  156  12:04  Protoss Air Weapons Level 2 (Chrono Boost)  
  156  12:10  Probe  
  156  12:13  Gravitic Boosters (Chrono Boost)  
  156  12:22  Phoenix x2  
  126  12:47  Phoenix x2  
  113  13:12  Phoenix x2, Stalker  
  117  13:13  Stalker x2  
  123  13:31  Void Ray x2  
  124  13:43  Probe x2  
  124  13:44  Probe  
  127  13:51  Protoss Shields Level 3 (Chrono Boost)  
  127  13:52  Stargate  
  127  13:53  Observer  
  127  13:54  Stargate  
  128  13:58  Stargate  
  128  13:59  Probe (Chrono Boost)  
  128  14:00  Probe (Chrono Boost)  
  131  14:04  Stargate  
  131  14:07  Probe (Chrono Boost)  
  132  14:10  Probe (Chrono Boost), Nexus  
  132  14:12  Pylon  
  132  14:14  Observer, Pylon  
  132  14:16  Protoss Air Armor Level 2 (Chrono Boost), Pylon  
  134  14:17  Pylon  
  134  14:19  Pylon  
  134  14:21  Pylon  
  134  14:22  Zealot x3  
  134  14:23  Pylon  
  139  14:24  Phoenix  
  139  14:25  Phoenix  
  143  14:36  Observer  
  137  14:57  Observer  
  130  15:00  Carrier x2  
  128  15:16  Stalker x3  
  128  15:18  Observer  
  131  15:28  Void Ray x3  
  131  15:31  Assimilator x2  
  135  15:59  Void Ray  
  130  16:04  Observer  
  130  16:05  Void Ray x2  
  148  16:22  Stalker x3  
  148  16:25  Observer  
  151  16:41  Gateway  
  151  16:42  Gateway  
  151  16:44  Gateway  
  163  16:50  Gateway  
  163  16:51  Gateway  
Show
View Real Time Build Order
Export as new Build Order

Massa Terran 

Build Orders: 2 Factory 

Get SALT Encoding   

  12  0:00  SCV  
  13  0:12  SCV  
  14  0:17  Supply Depot  
  14  0:24  SCV  
  15  0:38  SCV  
  15  0:41  Barracks  
  16  0:45  Refinery  
  16  0:50  SCV  
  17  1:02  SCV  
  18  1:09  Supply Depot  
  18  1:15  SCV  
  19  1:27  SCV  
  20  1:39  SCV  
  21  1:48  Refinery  
  21  1:53  Command Center  
  22  1:57  Orbital Command  
  22  2:02  Marine  
  22  2:08  Factory  
  22  2:24  Barracks Tech Lab  
  22  2:27  SCV  
  23  2:37  Factory  
  23  2:48  SCV  
  24  2:54  Barracks Reactor, Supply Depot  
  24  2:59  Engineering Bay  
  24  3:01  Widow Mine  
  26  3:09  SCV  
  27  3:23  Widow Mine  
  27  3:24  SCV  
  27  3:26  Orbital Command  
  30  3:36  SCV  
  31  3:41  Armory  
  31  3:42  Widow Mine  
  31  3:47  Missile Turret  
  33  3:49  Missile Turret  
  33  3:53  Widow Mine  
  33  3:54  Barracks Tech Lab  
  35  3:58  SCV x2  
  37  4:04  Widow Mine  
  39  4:10  SCV  
  39  4:14  Widow Mine  
  42  4:25  Widow Mine  
  42  4:27  Stimpack  
  44  4:34  Drilling Claws  
  44  4:36  Widow Mine  
  46  4:40  SCV, Barracks  
  46  4:41  SCV  
  46  4:44  Refinery  
  48  4:46  Refinery, Widow Mine  
  50  4:53  SCV x2, Barracks  
  50  4:56  Supply Depot  
  50  4:57  Widow Mine  
  54  5:14  Missile Turret  
  54  5:17  Widow Mine, SCV x2  
  54  5:18  Widow Mine  
  60  5:25  Marauder  
  62  5:34  Barracks Reactor  
  62  5:42  Supply Depot  
  62  6:03  Marine  
  62  6:04  Widow Mine x2, SCV, Supply Depot  
  60  6:27  Supply Depot  
  58  6:37  Widow Mine x2  
  56  6:42  Marauder  
  56  6:43  Barracks Reactor, Marine  
  56  6:44  Marine  
  60  6:58  Widow Mine  
  60  6:59  Widow Mine  
  64  7:01  Marine x2  
  64  7:04  Marauder, Command Center, Terran Infantry Weapons Level 1  
  64  7:05  Command Center  
  68  7:08  Missile Turret  
  68  7:12  SCV x2  
  68  7:19  Marine x2  
  68  7:21  Barracks  
  72  7:24  SCV x2  
  72  7:25  Barracks x2, Marauder  
  72  7:28  Marine x2  
  72  7:29  Missile Turret  
  76  7:36  SCV x2  
  78  7:37  Marine x2  
  80  7:44  Widow Mine x3  
  80  7:46  Marauder  
  86  7:55  Starport  
  86  8:09  Supply Depot  
  86  8:10  Supply Depot  
  86  8:15  Widow Mine x2, SCV x2, Marauder, Marine x4  
  86  8:16  Barracks Tech Lab  
  86  8:18  Barracks Reactor  
  98  8:27  SCV x3  
  98  8:31  Barracks Tech Lab  
  101  8:34  Medivac  
  101  8:37  Marauder  
  101  8:38  Orbital Command  
  101  8:39  SCV x3  
  108  8:44  Widow Mine  
  108  8:45  Widow Mine  
  112  8:51  SCV x3  
  115  9:03  SCV  
  115  9:06  SCV  
  115  9:07  SCV x2  
  119  9:13  Marauder x3, Missile Turret  
  119  9:14  Marine  
  119  9:15  SCV  
  119  9:16  Marine  
  128  9:17  Marine  
  128  9:19  SCV x2  
  131  9:33  Missile Turret  
  131  9:35  Marine  
  132  9:39  Refinery  
  132  9:43  Refinery  
  132  9:49  Supply Depot  
  132  9:50  Supply Depot  
  132  9:53  Missile Turret  
  132  10:07  Command Center  
  132  10:10  SCV x2, Marine x2  
  132  10:11  SCV, Marauder x3, Marine x4  
  132  10:12  Supply Depot  
  132  10:13  Missile Turret  
  147  10:16  Supply Depot  
  147  10:23  SCV x3, Missile Turret, Terran Infantry Armor Level 1  
  147  10:28  Marine x2  
  146  10:34  Marauder x2, Marine, Siege Tank  
  156  10:36  Supply Depot  
  156  10:37  SCV, Marine x3  
  156  10:38  Marauder, Concussive Shells, Combat Shield  
  162  10:43  Missile Turret  
  162  10:44  Supply Depot  
  162  10:45  Starport Reactor, Supply Depot  
  162  10:46  Marine  
  162  10:47  Supply Depot  
  162  10:48  Supply Depot  
  162  10:49  Supply Depot  
  163  10:50  Marine  
  164  10:58  SCV x3, Marauder x2, Planetary Fortress  
  171  11:06  Marauder  
  171  11:07  Missile Turret  
  171  11:10  SCV  
  174  11:12  Siege Tank  
  174  11:14  Widow Mine x2  
  181  11:19  Marauder  
  181  11:21  Infernal Pre-Igniter  
  183  11:29  Missile Turret  
  183  11:30  Engineering Bay  
  183  11:35  Widow Mine  
  185  11:45  Siege Tank  
  188  11:49  Command Center  
  188  11:54  Missile Turret x2  
  188  11:55  Missile Turret x2  
  188  11:59  Armory  
  188  12:18  Siege Tank  
  188  12:20  Hellion x2  
  189  12:40  Smart Servos  
  189  12:41  Hellion x2  
  170  12:47  Marauder x3, Marine  
  170  12:48  Marine x4  
  170  12:50  Siege Tank  
  142  13:04  Marine  
  118  13:08  Marauder  
  118  13:09  Marauder x2  
  118  13:10  Widow Mine x2  
  122  13:16  Sensor Tower  
  122  13:23  Siege Tank  
  122  13:25  Command Center  
  122  13:30  Marauder x3  
  122  13:31  Widow Mine x2  
  115  13:43  Barracks  
  115  13:44  Barracks  
  115  13:45  Barracks  
  114  13:53  Hellion  
  114  13:54  Hellion  
  114  13:55  Siege Tank  
  120  13:57  Medivac x2  
  124  14:03  Factory  
  124  14:15  Hellion x2  
  128  14:27  Medivac x2, Siege Tank  
  128  14:29  Marauder x3, Marine x2  
  128  14:30  Marine x4  
  128  14:31  Marine  
  148  14:36  Hellion x2  
  148  14:37  Planetary Fortress  
  150  14:40  SCV x3  
  153  14:50  Marauder x2  
  153  14:51  Marauder  
  153  14:52  SCV  
  158  14:59  Siege Tank  
  92  15:22  Marauder, Marine  
  92  15:23  Marauder x2  
  92  15:25  Factory Tech Lab  
  87  15:28  Widow Mine  
  87  15:29  Widow Mine  
  87  15:31  Barracks Tech Lab, Siege Tank  
  87  15:32  Barracks Reactor, Barracks Tech Lab  
  87  15:33  Marine x2  
  87  15:34  Marine x2  
  87  15:35  Marine  
  97  15:43  Marauder  
  97  15:44  Marauder x2  
  97  15:50  Widow Mine x2  
  96  16:03  Siege Tank  
  84  16:05  Marauder x3  
  82  16:11  Widow Mine  
  82  16:15  Marine  
  82  16:16  Marine x5  
  83  16:21  Widow Mine  
  83  16:23  SCV  
  82  16:26  Marauder  
  82  16:27  Marauder x2  
  86  16:33  Widow Mine, Marine  
  86  16:34  Marine x5  
  86  16:35  SCV  
  67  16:47  SCV  
Show
View Real Time Build Order
Export as new Build Order

qqq Zerg 

Build Orders: Pool First 

Get SALT Encoding   

  12  0:01  Drone  
  13  0:12  Extractor  
  12  0:16  Drone x2  
  14  0:37  Spawning Pool  
  14  0:42  Drone  
  14  0:50  Overlord  
  14  1:43  Hatchery  
  13  1:47  Lair  
  13  1:51  Drone  
  14  1:58  Zergling x2  
  15  2:06  Drone  
  16  2:10  Drone  
  17  2:36  Drone x2  
  19  2:47  Drone, Spire  
  18  3:02  Drone  
  20  3:05  Drone  
  20  3:09  Queen  
  22  3:14  Drone  
  23  3:20  Overlord  
  23  3:24  Drone  
  24  3:27  Drone  
  25  3:35  Drone  
  25  3:37  Drone  
  27  3:43  Drone x2  
  27  3:44  Extractor, Drone  
  29  3:52  Drone  
  29  3:55  Queen  
  30  4:00  Mutalisk  
  34  4:05  Mutalisk  
  36  4:17  Overlord x2  
  36  4:21  Zerg Flyer Weapons Level 1  
  35  4:38  Mutalisk  
  35  4:43  Drone x3  
  40  4:51  Hatchery  
  39  4:56  Mutalisk  
  39  4:58  Drone  
  42  5:02  Extractor  
  41  5:07  Drone  
  41  5:12  Extractor  
  41  5:17  Drone  
  41  5:18  Corruptor  
  40  5:47  Corruptor  
  40  5:49  Drone x3  
  45  6:00  Drone  
  45  6:01  Drone x2  
  48  6:11  Drone x2  
  50  6:15  Mutalisk  
  52  6:21  Hatchery  
  52  6:22  Hatchery  
  50  6:35  Mutalisk, Corruptor  
  50  6:36  Drone x2  
  50  6:37  Drone  
  57  6:52  Mutalisk  
  57  6:54  Drone  
  58  6:55  Overlord x3  
  58  6:59  Zerg Flyer Armor Level 1  
  58  7:07  Extractor, Drone  
  58  7:08  Extractor  
  58  7:09  Drone  
  58  7:10  Overlord  
  58  7:18  Drone x3  
  58  7:19  Drone  
  58  7:20  Infestation Pit  
  61  7:25  Corruptor  
  61  7:27  Drone  
  64  7:35  Metabolic Boost  
  64  7:36  Mutalisk  
  66  7:38  Drone x2  
  66  7:43  Drone x2  
  64  7:53  Corruptor  
  64  7:54  Corruptor  
  66  8:03  Drone x4, Hydralisk Den  
  69  8:06  Corruptor  
  69  8:12  Corruptor  
  71  8:15  Drone x2  
  71  8:16  Drone  
  76  8:23  Drone  
  76  8:24  Drone x3  
  76  8:26  Corruptor  
  82  8:32  Hive  
  82  8:34  Drone  
  83  8:36  Hydralisk  
  85  8:41  Spore Crawler  
  85  8:44  Spine Crawler  
  83  8:51  Queen  
  83  8:53  Drone x6  
  83  8:55  Mutalisk  
  91  9:00  Zerg Flyer Weapons Level 2  
  93  9:07  Mutalisk  
  91  9:11  Queen  
  92  9:22  Mutalisk  
  94  9:24  Overlord x3  
  94  9:25  Overlord  
  94  9:32  Overlord  
  94  9:38  Muscular Augments  
  94  9:42  Drone x2, Evolution Chamber  
  94  9:43  Drone x7  
  94  9:45  Mutalisk  
  104  9:46  Queen  
  104  9:47  Mutalisk  
  104  9:50  Mutalisk  
  110  10:00  Drone  
  110  10:01  Drone x2  
  113  10:07  Spore Crawler  
  113  10:10  Spore Crawler  
  113  10:12  Spine Crawler  
  113  10:13  Viper x2  
  113  10:14  Viper  
  113  10:16  Mutalisk  
  121  10:25  Mutalisk  
  121  10:27  Drone x6  
  121  10:28  Drone x3, Hydralisk  
  134  10:48  Overlord x4  
  134  10:53  Extractor x2  
  134  10:54  Extractor  
  134  10:57  Extractor  
  130  10:58  Spine Crawler, Queen  
  130  10:59  Overlord x2  
  130  11:00  Overlord x2  
  130  11:03  Zerg Melee Weapons Level 1  
  131  11:11  Drone x4, Lurker Den  
  133  11:14  Mutalisk  
  133  11:16  Zerg Flyer Armor Level 2  
  133  11:17  Drone x3  
  139  11:33  Hatchery  
  139  11:34  Overseer  
  139  11:35  Overseer  
  138  11:41  Drone  
  138  11:42  Drone x3  
  138  11:43  Mutalisk  
  138  11:46  Zergling x2  
  150  11:47  Zergling x14  
  150  11:51  Grooved Spines  
  152  12:05  Pneumatized Carapace  
  152  12:07  Drone x6  
  158  12:29  Mutalisk x4  
  164  12:30  Corruptor x5  
  146  12:50  Mutalisk  
  146  12:51  Mutalisk x3  
  133  12:52  Mutalisk x2, Corruptor  
  133  12:57  Zerg Ground Armor Level 1  
  142  13:04  Mutalisk x2  
  142  13:05  Hydralisk  
  140  13:12  Drone x7  
  149  13:28  Evolution Chamber  
  146  13:41  Viper x2  
  146  13:42  Viper x2  
  146  13:46  Zergling x16  
  146  13:47  Zergling x8  
  146  13:48  Drone x2  
  172  13:51  Extractor  
  172  13:52  Extractor  
  170  14:05  Lurker x2  
  170  14:08  Seismic Spines  
  170  14:09  Zerg Melee Weapons Level 2  
  172  14:14  Mutalisk, Corruptor  
  176  14:46  Baneling Nest  
  176  14:51  Zerg Missile Weapons Level 1  
  168  14:52  Spine Crawler  
  168  14:56  Spine Crawler  
  164  15:05  Adaptive Talons  
  117  15:27  Hydralisk x2, Greater Spire  
  117  15:28  Hydralisk x7  
  119  15:29  Hydralisk x4  
  119  15:30  Hydralisk x8  
  138  15:54  Hydralisk x3  
  118  15:58  Hydralisk x3  
  118  15:59  Hydralisk x3  
  118  16:01  Lurker x6  
  118  16:02  Lurker x6  
  114  16:13  Overlord  
  114  16:14  Overlord x5  
Tags
 
Add a new tag
Caveats
  • Supply blocks, unpowered buildings, or Contaminate may cause inaccurate times.
  • Supply counts are checked every 10 seconds.